AoeStats
← Deliverance

Coastal Forest

510877962Analyzed
4v4 RM · 18h ago on Oct 2, 2026· 34m 17s· 8 players
Game mode
Random Map
Map size
Large (8 player)
Population
200
Speed
Normal
Resources
Standard
Victory
Conquest
Starting age
Dark Age
Ending age
Imperial Age
RankedLock teamsTeams togetherTeam positionsShared explorationLock speedFull tech treeHidden civsTurbo modeCheats
Victory
Defeat
🇨🇴 Huns · Colombia
1203
+15
🇺🇸 Danes · United States
1176
+16
🇨🇴 Magyars · Colombia
1169
+16
🇨🇦 Lithuanians · Canada
1125
+18
🇹🇷 Bohemians · Türkiye
1204
-18
🇫🇷 Persians · France
1178
-16
🇦🇺 Cumans · Australia
1172
-16
🇨🇿 Saxons · Czechia
1145
-15
Detective TOIR
10:42 Feudal Age
15:37 Castle Age
15:32 Loom
18:55 Double-Bit Axe
21:22 Scale Mail Armor
25:58 Arson
26:14 Squires
26:35 Forging
DDCC
6:48 Loom
9:13 Feudal Age
12:28 Scale Barding Armor
21:04 Castle Age
22:58 Chain Barding Armor
24:12 Husbandry
28:02 Bloodlines
30:12 Fletching
30:46 Gold Mining
32:02 Horse Collar
GrandMasterTitties
7:58 Loom
9:52 Feudal Age
11:53 Town Watch
12:27 Scale Mail Armor
13:39 Forging
13:39 Double-Bit Axe
24:02 Castle Age
27:41 Bow Saw
27:16 Horse Collar
30:53 Wheelbarrow
32:05 Pikeman
Deliverance
10:37 Feudal Age
8:57 Loom
10:43 Feudal Age
15:13 Castle Age
13:17 Horse Collar
14:03 Double-Bit Axe
16:24 Wheelbarrow
23:18 Scale Barding Armor
25:39 Heavy Plow
25:52 Bow Saw
26:16 Bloodlines
27:51 Husbandry
28:19 Gold Mining
31:12 Imperial Age
29:19 Chain Barding Armor
29:39 Gold Shaft Mining
29:55 Forging
31:36 Iron Casting
31:13 Cavalier
32:30 Plate Barding Armor
32:45 Paladin
34:48 Blast Furnace
35:56 Two-Man Saw
smyracula
9:54 Feudal Age
9:14 Loom
14:27 Castle Age
14:16 Scale Barding Armor
31:31 Wheelbarrow
32:00 Pikeman
35:13 Imperial Age
33:43 Scale Mail Armor
33:55 Forging
35:41 Chemistry
Darksun
6:09 Loom
9:43 Feudal Age
10:24 Double-Bit Axe
13:40 Horse Collar
21:42 Castle Age
19:48 Horse Collar
21:03 Wheelbarrow
20:55 Bloodlines
21:19 Scale Barding Armor
21:49 Forging
23:09 Gold Mining
Jampud
9:47 Feudal Age
8:04 Loom
9:49 Feudal Age
11:07 Double-Bit Axe
15:54 Fletching
17:12 Padded Archer Armor
23:07 Castle Age
23:31 Gold Mining
23:32 Stone Mining
23:23 Horse Collar
23:27 Crossbowman
24:11 Bodkin Arrow
25:36 Gold Shaft Mining
25:39 Wheelbarrow
25:50 Town Watch
28:05 Leather Archer Armor
34:35 Ballistics
Psychedelonaut
9:59 Loom
12:16 Feudal Age
13:44 Double-Bit Axe
16:14 Castle Age
17:17 Wheelbarrow
17:08 Town Watch
20:21 Pikeman
27:31 Forging
27:44 Scale Barding Armor
29:18 Iron Casting
30:58 Chain Barding Armor
30:51 Bloodlines
30:41 Husbandry
31:10 Husbandry
Connection lost

Rejoining the realm…

Still unreachable

The connection could not be restored.

Session expired

The server has moved on; the page needs a fresh start.